[Event "7th Sharjah Masters 2024"]
[Site "Sharjah"]
[Date "2024.05.16"]
[Round "3.43"]
[White "Samant Aditya S"]
[Black "Dudin, Gleb"]
[Result "0-1"]
[ECO "B90"]
[WhiteElo "2501"]
[BlackElo "2554"]
[Annotator "TA"]
[PlyCount "110"]
[EventDate "2024.05.13"]
[EventType "swiss"]
[EventCountry "UAE"]
[SourceTitle "playchess.com"]
[Source "ChessBase"]
[SourceQuality "1"]
[TimeControl "5400+30"]

1. e4 c5 2. Nf3 d6 3. d4 cxd4 4. Nxd4 Nf6 5. Nc3 a6 6. h3 e5 7. Nb3 Be7 {[%emt 0:00:30] B90: Sicilian Najdorf: Unusual White 6th moves, 6 Be3 Ng4 and 6 Be3 e5.} 8. g4 h6 9. Be3 Nbd7 10. Qf3 b5 11. O-O-O b4 12. Nd5 Nxd5 13. exd5 a5 14. Nd2 a4 15. Kb1 O-O $146 ({Predecessor:} 15... Qc7 16. Bd3 Bb7 17. Be4 Nf6 18. h4 Ra5 19. Bb6 Qxb6 20. Nc4 Qc5 21. Nxa5 Qxa5 {0-1 Aslanov,U (2260)-Gokerkan,C (2513) SRB-chT Premier 2023 (6.6)}) 16. Ne4 Qc7 17. Rg1 b3 18. cxb3 axb3 19. Rc1 Qa5 20. a3 Bb7 21. Bc4 $1 Bxd5 22. Bxd5 Qxd5 23. Rgd1 Qe6 $1 24. Rc6 (24. Nxd6 $11 Bxd6 25. Rc6) 24... Nb8 ({Black should try} 24... Rac8 $15 25. Rxc8 (25. Nxd6 Rxc6 26. Qxc6 Nb8 $19) 25... Rxc8) 25. Rc3 $11 Ra4 26. Ng3 Nd7 (26... Rc8 $11 27. Rxc8+ Qxc8) 27. Qc6 (27. Nf5 $14 e4 28. Nxe7+ Qxe7 29. Qf5) 27... Rfa8 $11 28. Nf5 Bf8 29. Rcd3 {[%emt 0:00:30] [#]} (29. Qb7 $11 {keeps the balance.}) 29... Nf6 $1 $17 30. Nxd6 $2 (30. Rc1 $1 $15) 30... Ne4 $19 31. Qxe4 (31. Qc7 $142 Nxd6 (31... Bxd6 $2 32. Rxd6 Nxd6 33. Rxd6 $19) 32. Rxd6 Bxd6 33. Rxd6) 31... Rxe4 $19 32. Nxe4 Qc4 33. Nc3 Kh7 34. f3 Be7 35. Kc1 (35. R1d2 $142) 35... Bf6 (35... Bxa3 $142 {[%cal Oa8d8] And now ...Rd8! would win.} 36. Bb6 Bb4) 36. Kb1 (36. Kd2 $142) 36... e4 $19 37. fxe4 Rxa3 38. bxa3 Bxc3 39. Bc1 Bb4 40. R3d2 Bxd2 41. Rxd2 Qxe4+ 42. Kb2 Qc4 43. Kb1 h5 44. gxh5 f5 45. Rb2 Qd3+ 46. Ka1 Qxh3 (46... Qc3 $142 47. Kb1 Qxh3 (47... Qd3+ $2 48. Ka1 $19)) 47. a4 Qf1 48. Kb1 Qd3+ 49. Ka1 Qc4 50. Kb1 Qe4+ 51. Ka1 Qxa4+ 52. Kb1 f4 53. Rf2 Qe4+ 54. Ka1 Qd4+ 55. Rb2 f3 0-1

[Event "7th Sharjah Masters 2024"]
[Site "Sharjah"]
[Date "2024.05.16"]
[Round "3.44"]
[White "Bharath Subramaniyam H"]
[Black "Suleymenov, Alisher"]
[Result "1-0"]
[ECO "B53"]
[WhiteElo "2545"]
[BlackElo "2501"]
[Annotator "TA"]
[PlyCount "151"]
[EventDate "2024.05.13"]
[EventType "swiss"]
[EventCountry "UAE"]
[SourceTitle "playchess.com"]
[Source "ChessBase"]
[SourceQuality "1"]
[TimeControl "5400+30"]

1. e4 c5 2. Nf3 d6 3. Nc3 Nf6 4. d4 cxd4 5. Qxd4 Nc6 6. Qd3 g6 7. Nd5 Bg7 8. c3 Nd7 9. Bg5 h6 10. Bh4 g5 11. Bg3 e6 12. Ne3 Nde5 13. Nxe5 dxe5 14. Qc2 Qe7 15. O-O-O Bd7 16. Kb1 O-O-O 17. f3 Kb8 18. Bf2 f5 19. exf5 exf5 20. Bd3 f4 21. Nd5 Qf7 22. Bg6 Qg8 23. Qa4 Bf8 24. Be4 Qf7 25. Nb4 Bxb4 26. Bxc6 Qh7+ 27. Ka1 Bxc6 28. Qxa7+ Kc8 29. cxb4 Rxd1+ 30. Rxd1 b5 31. Qc5 Qc7 32. Rc1 Kb7 33. Qa7+ Kc8 {[%emt 0:00:01] [#]} 34. Qa6+ $1 Kd7 {[%emt 0:00:00] [#]} 35. Bb6 $1 Qb7 36. Qxb7+ Bxb7 37. Rc7+ Kd6 38. Rxb7 Kc6 39. Re7 Kxb6 40. Rxe5 Rd8 41. Re6+ Kc7 42. a3 (42. Rxh6 $2 Rd1#) 42... Rd2 43. Rxh6 Rxg2 44. Rg6 g4 (44... Rf2 $142 45. Rxg5 Kb6) 45. fxg4 $18 (45. Rxg4 $2 {perishes.} Rxg4 46. fxg4 f3 $19) 45... f3 46. Ka2 Rxh2 47. Rf6 f2 48. Kb3 (48. g5 $142 Kb7 49. g6) 48... Rg2 49. g5 Rxg5 50. Rxf2 Rg3+ 51. Kc2 Kc6 52. Rd2 Rh3 53. Rd3 Rh2+ 54. Kc3 Rg2 55. Rf3 Rh2 56. Rf6+ Kb7 57. Rd6 Kc7 58. Rd2 Rh3+ 59. Kc2 $2 (59. Rd3 Rh2 60. Rd2 Rh3+ 61. Kc2) 59... Kc6 $1 $18 60. b3 Rg3 $2 (60... Rh4 61. Kc3 Rh8) 61. Kb2 $18 Rg4 62. Kc3 Rg3+ 63. Rd3 Rg2 64. a4 Rg5 65. Re3 Rh5 66. Rg3 (66. Rf3 $142 Rg5 67. a5) 66... Kd6 67. Kb2 Rh2+ 68. Ka3 Rh5 69. Rc3 (69. a5 $142 Kd7 70. Rd3+ Ke7 71. Rc3 Rh8 72. Rc5 Rb8 73. Kb2 Kf8 74. Kc3 (74. Re5 Kf7 $18)) 69... Rh1 70. a5 Rh8 71. Rc5 Rb8 72. Kb2 Rb7 73. Kc3 Rb8 74. Kd4 Ke7 75. Rc6 Rh8 76. Kc5 1-0